 Dungeon Crawl Stone Soup version 0.29.1-13-g9f3cf754e1 (webtiles) character file.

Game seed: 13892286157163793733

85 cdecastro the Chopper (level 4, 0/39 HPs)
             Began as a Hill Orc Fighter on Feb 7, 2023.
             Killed from afar by an orc wizard (6 damage)
             ... with a magic dart
             ... on level 3 of the Dungeon.
             The game lasted 00:03:23 (2718 turns).

cdecastro the Chopper (Hill Orc Fighter)            Turns: 2718, Time: 00:03:23

Health: 0/39       AC:  9    Str: 20    XL:     4   Next: 48%
Magic:  4/4        EV:  7    Int:  8    God:
Gold:   73         SH:  0    Dex: 10    Spells: 3/3 levels left

rFire   . . .      SeeInvis .   a - +0 war axe
rCold   . . .      Faith    .   (no shield)
rNeg    . . .      Spirit   .   r - +0 chain mail
rPois   .          Reflect  .   (no helmet)
rElec   .          Harm     .   (no cloak)
rCorr   .          Rampage  .   (no gloves)
Will    .....                   (no boots)
Stlth   ..........              (no amulet)
HPRegen 0.13/turn               (no ring)
MPRegen 0.09/turn               (no ring)

@: no status effects
A: no striking features
a: no special abilities


You were on level 3 of the Dungeon.
You visited 1 branch of the dungeon, and saw 3 of its levels.

You collected 73 gold pieces.

Inventory:

Hand Weapons
 a - a +0 war axe (weapon)
Missiles
 m - 3 boomerangs (quivered)
 t - 6 poisoned darts
Armour
 b - a +0 scale mail
 c - a +0 buckler
 r - a +0 chain mail (worn)
Jewellery
 g - a ring of poison resistance
 n - an amulet of regeneration
Wands
 u - a wand of digging (5)
Scrolls
 e - a scroll of butterflies {unknown}
 f - a scroll of vulnerability {unknown}
 i - 2 scrolls of poison {unknown}
 k - a scroll of identify {unknown}
 l - a scroll of immolation {unknown}
 p - a scroll of brand weapon {unknown}
 q - a scroll of blinking {unknown}
Potions
 d - a potion of might
 h - 3 potions of brilliance {unknown}
 j - a potion of attraction {unknown}
 o - 2 potions of curing {unknown}
 s - a potion of flight {unknown}


   Skills:
 - Level 3.6 Fighting
 + Level 6.1 Axes
 - Level 3.2 Armour
 - Level 3.2 Shields


You had 3 spell levels left.
You didn't know any spells.
Your spell library was empty.

Dungeon Overview and Level Annotations

Branches:
Dungeon (3/15)

Altars:
Sif Muna

Shops:
D:1 (   D:3 (

Annotations:
D:3 exclusion: door


Message History

You bump into the rock wall.
The orc hits you with a +0 flail.
An orc comes into view. It is wielding a +0 club.
The frilled lizard bites you but does no damage.
You bump into the rock wall.
The orc shouts!
The orc hits you with a +0 flail. The frilled lizard closely misses you.
You feel less confused.
You barely miss the orc. The orc hits you but does no damage.
You slash the orc!
You kill the orc!
You closely miss the frilled lizard. The frilled lizard bites you.
You closely miss the frilled lizard.
The frilled lizard bites you but does no damage.
The frilled lizard bites you.
You miss the frilled lizard.
The frilled lizard bites you but does no damage.
You barely miss the frilled lizard. The frilled lizard barely misses you.
You slash the frilled lizard!
You kill the frilled lizard!
You closely miss the orc. The orc hits you but does no damage.
You slash the orc!
You kill the orc!
A magic dart appears from out of thin air!
The magic dart hits you.
* * * LOW HITPOINT WARNING * * *
You hear some strange, mumbled words.
A puff of flame appears from out of thin air!
The puff of flame hits you!
* * * LOW HITPOINT WARNING * * *
Something hits you but does no damage.
Items here: )) ? †.
You closely miss something. Something hits you but does no damage.
You barely miss something. Something hits you but does no damage.
Okay, then.
Unknown command.
You hit something but do no damage.
You hear some strange, mumbled words.
A magic dart appears from out of thin air!
The magic dart hits you.
You die...

#########
######.{{@...#
#......o####.#
...###..####.####
. #..#.......#
#..#.##.##.#
#......)# #.##.#
......... ..##)#
#.##.##.#.#####.#
# #. ....# #.##


You could see an orc.

Vanquished Creatures
  An adder (D:3)
  2 worms
  2 dart slugs
  2 orcs (D:3)
  8 ball pythons
  6 bats
  9 endoplasms
  3 giant cockroaches
  5 goblins
  5 hobgoblins
  7 kobolds
  3 quokkas
  3 frilled lizards
  3 rats
59 creatures vanquished.

Notes
Turn   | Place    | Note
-------+----------+-------------------------------------------
     0 | D:1      | cdecastro the Hill Orc Fighter began the quest for the Orb.
     0 | D:1      | Reached XP level 1. HP: 19/19 MP: 1/1
    38 | D:1      | Reached skill level 3 in Axes
   171 | D:1      | Reached XP level 2. HP: 13/26 MP: 2/2
   220 | D:1      | Reached skill level 4 in Axes
   601 | D:1      | Found Ygeinaom's Weapon Shoppe.
   628 | D:1      | Found a faded altar of an unknown god.
   781 | D:1      | Reached XP level 3. HP: 31/31 MP: 3/3
  1251 | D:2      | Reached skill level 5 in Axes
  1941 | D:3      | Found Carer's Weapon Shoppe.
  2000 | D:3      | Reached XP level 4. HP: 37/39 MP: 4/4
  2470 | D:3      | Found a shimmering blue altar of Sif Muna.
  2626 | D:3      | Reached skill level 6 in Axes
  2718 | D:3      | Killed from afar by an orc wizard

Illustrated notes

Levels and vault maps discovered:
D:1:      minmay_arrival_up_and_down, layout_basic,
          nicolae_ecumenical_snake_handling, serial_shops, shop
D:2:      layout_basic, minmay_pentomino_r4
D:3:      layout_loops_cross, led_sif_book, serial_shops, shop,
          kennysheep_cross_bottleneck

Skill      XL: |  1  2  3  4 |
---------------+-------------+-----
Axes           | 3 4 5 6 |  6.1
Fighting       | |  3.6
Armour         | |  3.2
Shields        | |  3.2

Action                   |  1- 3 |  4- 6 || total
-------------------------+-------+-------++-------
Melee: War axe           |   100 |    46 ||   146
Armor: Scale mail        |    49 |     4 ||    53
       Chain mail        |       |    28 ||    28
Dodge: Dodged            |    47 |    20 ||    67
